 Dungeon Crawl Stone Soup version 0.25.0-26-g0c896c7088 (webtiles) character file.

Game seed: 17388981024067303392

159 TrebMcFLY the Shooter (level 5, -11/45 HPs)
             Began as a Centaur Hunter on June 29, 2020.
             Mangled by a mummy (13 damage)
             ... in an ossuary on July 1, 2020.
             The game lasted 00:08:36 (2801 turns).

TrebMcFLY the Shooter (Centaur Hunter)              Turns: 2801, Time: 00:08:37

Health: -11/45     AC:  5    Str: 15    XL:     5   Next: 17%
Magic:  5/5        EV:  9    Int: 10    God:
Gold:   133        SH:  0    Dex: 10    Spells: 4/4 levels left

rFire    . . .     SeeInvis +   a - +1 shortbow
rCold    . . .     Gourm    .   (shield currently unavailable)
rNeg     . . .     Faith    .   c - +0 leather armour
rPois    .         Spirit   .   n - +0 helmet
rElec    .         Reflect  .   (no cloak)
rCorr    .         Harm     .   (no gloves)
MR       .....                  (no barding)
Stlth    +.........             (no amulet)
HPRegen  0.15/turn              p - ring of see invisible
MPRegen  0.09/turn              (no ring)

@: very quick
A: large, hooves 3, deformed body, speed 2, tough skin 3
a: no special abilities


You were in an ossuary.
You were not hungry.

You visited 1 branch of the dungeon, and saw 4 of its levels.
You also visited: Ossuary.

You collected 133 gold pieces.

Inventory:

Hand Weapons
 a - a +1 shortbow (weapon)
 q - a +0 short sword of protection
Missiles
 s - 2 boomerangs (quivered)
 w - 4 poisoned darts
Armour
 c - a +0 leather armour (worn)
 n - a +0 helmet (worn)
Jewellery
 p - a ring of see invisible (left hand)
Scrolls
 e - 3 scrolls of teleportation {unknown}
 m - 3 scrolls of enchant armour {unknown}
 r - 4 scrolls of remove curse
 y - a scroll of identify
Potions
 h - a potion of stabbing
 i - a potion of berserk rage
 j - 3 potions of heal wounds
 k - 3 potions of curing
 l - a potion of might
 o - a potion of ambrosia {unknown}
 u - a potion of flight
 v - a potion of mutation {unknown}
 z - a potion of brilliance {unknown}
Comestibles
 f - 8 rations


   Skills:
 + Level 3.0 Fighting
 - Level 0.3 Short Blades
 * Level 6.8 Bows
 + Level 0.9 Armour
 + Level 2.1 Dodging
 - Level 1.0 Stealth


You had 4 spell levels left.
You didn't know any spells.
Your spell library was empty.

Dungeon Overview and Level Annotations

Branches:
Dungeon (4/15)            Ossuary (1/1)
 Temple: D:4-7

Altars:


Innate Abilities, Weirdness & Mutations

You have hooves in place of feet.
Armour fits poorly on your strangely shaped body.
You cover ground very quickly.
You have extremely tough skin. (AC +3)


Message History

Aim: a mummy (almost destroyed)
You shoot an arrow.
The arrow hits the mummy but does no damage.
The mummy is almost destroyed.
Firing (i - inventory. (/) - cycle)
d - 2 arrows (quivered)
Press: ? - help, Shift-Dir - straight line, f/p - mummy
Aim: a mummy (almost destroyed)
You shoot an arrow. The arrow hits the mummy.
You destroy the mummy!
Your Fighting skill increases to level 3!
Firing (i - inventory. (/) - cycle)
d - an arrow (quivered)
Press: ? - help, Shift-Dir - straight line, f - mummy
Aim: a mummy You shoot an arrow.
The arrow hits the mummy.
The mummy is lightly damaged.
The mummy hits you!
* * * LOW HITPOINT WARNING * * *
The mummy barely misses you. The mummy hits you!
You die...

##....M.####......##
#...(..##..##......#
#.....##....##.....#
#..................#
##...........(....##
##..............##
#+##........##+#
##...(..## ##...@##
#..M.# #.(M.# #(MM.#
#(...# #....# #....#
#....# #.∩∩.#


You could see 4 mummies.

Vanquished Creatures
  A big kobold zombie (Ossuary)
  4 mummies (Ossuary)
  An adder (D:3)
  A worm (D:2)
  5 dart slugs
  3 leopard geckos
  An orc (D:3)
  10 bats
  5 giant cockroaches
  4 goblins
  8 hobgoblins
  A ball python (D:2)
  6 frilled lizards
  2 hobgoblin zombies (Ossuary)
  10 kobolds
  5 kobold zombies (Ossuary)
  9 rats
76 creatures vanquished.

Notes
Turn   | Place    | Note
-------+----------+-------------------------------------------
     0 | D:1      | TrebMcFLY the Centaur Hunter began the quest for the Orb.
     0 | D:1      | Reached XP level 1. HP: 17/17 MP: 1/1
   303 | D:1      | Reached XP level 2. HP: 24/24 MP: 2/2
   355 | D:1      | Upgraded the game from 0.25.0-15-gac7dcb8919 to
                  | 0.25.0-26-g0c896c7088
   693 | D:1      | Reached XP level 3. HP: 30/30 MP: 3/3
  1081 | D:2      | Reached skill level 6 in Bows
  1092 | D:2      | Reached skill level 1 in Stealth
  1659 | D:3      | Reached XP level 4. HP: 37/37 MP: 4/4
  2480 | D:4      | Noticed an ogre
  2497 | D:4      | Noticed an ogre
  2507 | D:4      | Found a sand-covered staircase.
  2516 | Ossuary  | Entered an ossuary
  2789 | Ossuary  | Reached XP level 5. HP: 8/44 MP: 5/5
  2796 | Ossuary  | HP: 2/45 [mummy (8)]
  2801 | Ossuary  | Mangled by a mummy

Illustrated notes

Levels and vault maps discovered:
D:1:      saegor_arrival_simple_e, layout_basic, minmay_indecisive_spiral
D:2:      layout_basic
D:3:      layout_basic
D:4:      layout_loops_ring, nicolae_overflow_hidden_temple,
          nicolae_ossuary_entry_ruins, first_ration
Ossuary:  ossuary_tomb_3

Skill      XL: |  1  2  3  4  5 |
---------------+----------------+-----
Bows           | 6 |  6.8
Stealth        | 1 |  1.0
Dodging        | 2 |  2.1
Fighting       | 3 |  3.0
Short Blades   | |  0.3
Armour         | |  0.9

Action                   |  1- 3 |  4- 6 || total
-------------------------+-------+-------++-------
Melee: Short sword       |   125 |    54 ||   179
       Kick              |    22 |    10 ||    32
 Fire: Shortbow          |     5 |    35 ||    40
Throw: Boomerang         |       |     6 ||     6
  Use: Scroll            |       |    10 ||    10
  Eat: Chunk             |     1 |     3 ||     4
Armor: Leather armour    |    53 |    29 ||    82
Dodge: Dodged            |    57 |    27 ||    84
